Map: Winter's Gate LE

Players

Reynor - Winner!

  • Race: Zerg Zerg
  • Spawn Location: 11:00

herO

  • Race: Protoss Protoss
  • Spawn Location: 5:00

Event: 2019 WCS Global FInals

VOD

Have the link to the VOD?

Description

Time

  • Played on: Oct. 26, 2019, 1:47 a.m.
  • Length: 21:26

All games in this series

Show
View Real Time Build Order
Export as new Build Order

Reynor Zerg - Winner!

Build Orders: Hatch First, Lurkers, Roach Hydra 

Get SALT Encoding   

  12  0:00  Drone  
  13  0:12  Overlord  
  13  0:16  Drone  
  14  0:30  Drone x2  
  16  0:47  Drone  
  17  0:53  Drone  
  18  0:59  Hatchery  
  18  1:00  Drone  
  18  1:07  Extractor  
  17  1:14  Evolution Chamber  
  17  1:17  Spawning Pool  
  17  1:18  Drone  
  17  1:23  Drone  
  18  1:28  Drone  
  19  1:39  Drone  
  20  1:49  Overlord  
  20  2:04  Zergling x2  
  20  2:07  Queen  
  23  2:10  Zergling x2  
  23  2:11  Queen  
  23  2:12  Drone  
  27  2:21  Drone  
  28  2:23  Drone  
  29  2:32  Drone  
  30  2:40  Drone, Hatchery  
  30  2:45  Drone  
  30  2:46  Overlord  
  31  2:55  Drone x2  
  32  3:01  Spore Crawler  
  32  3:04  Spore Crawler  
  32  3:05  Drone x2  
  32  3:09  Queen  
  35  3:13  Spore Crawler  
  35  3:17  Spore Crawler  
  35  3:19  Drone x2  
  36  3:20  Drone  
  36  3:22  Drone  
  36  3:23  Drone  
  36  3:25  Metabolic Boost  
  39  3:29  Spore Crawler  
  39  3:31  Drone  
  39  3:33  Drone  
  40  3:37  Drone  
  41  3:42  Overlord  
  41  3:46  Queen  
  43  3:49  Drone  
  43  3:52  Overlord  
  43  3:54  Drone x2  
  46  3:58  Zergling x4  
  48  4:05  Drone x4  
  52  4:10  Roach Warren, Zergling x2  
  52  4:13  Zergling x2  
  53  4:17  Drone x2  
  53  4:20  Zergling x6  
  57  4:27  Drone x3  
  57  4:28  Overlord  
  57  4:29  Drone  
  60  4:32  Drone x2  
  60  4:34  Drone  
  60  4:36  Drone  
  64  4:43  Overlord  
  64  4:44  Extractor  
  63  4:50  Roach x5  
  73  4:56  Overlord  
  73  4:57  Extractor  
  73  4:59  Zergling x4  
  74  5:03  Roach x3  
  74  5:06  Zergling x4  
  82  5:11  Overlord  
  81  5:17  Drone  
  81  5:18  Drone  
  81  5:19  Drone x2  
  84  5:22  Drone  
  84  5:28  Overlord  
  80  5:29  Drone  
  80  5:30  Drone, Lair  
  80  5:32  Drone x4, Extractor  
  85  5:38  Roach  
  85  5:40  Ravager  
  85  5:41  Overlord  
  85  5:42  Drone  
  87  5:47  Roach  
  89  5:50  Queen  
  89  5:53  Roach, Zergling x2  
  89  5:54  Ravager  
  89  5:55  Queen  
  95  5:57  Ravager  
  95  5:58  Drone x3  
  95  6:01  Zergling x10  
  95  6:02  Evolution Chamber  
  103  6:08  Zergling x4  
  104  6:12  Drone  
  104  6:15  Extractor  
  104  6:17  Extractor  
  103  6:18  Drone  
  103  6:19  Drone  
  103  6:22  Drone x3  
  108  6:29  Drone x6  
  108  6:31  Zerg Missile Weapons Level 1, Hatchery  
  108  6:32  Glial Reconstitution  
  113  6:34  Overseer  
  113  6:36  Overlord x2  
  113  6:40  Overlord  
  113  6:47  Ravager  
  113  6:50  Spine Crawler  
  112  6:54  Roach x2  
  112  6:55  Roach x3  
  112  6:57  Hydralisk Den, Roach x2  
  125  7:02  Roach x2, Zergling x4  
  125  7:08  Drone x4  
  132  7:14  Drone x3  
  129  7:16  Zergling x2  
  129  7:20  Drone x2  
  132  7:26  Overlord x2  
  132  7:38  Lurker Den  
  130  7:45  Grooved Spines  
  130  7:46  Hydralisk  
  130  7:47  Hydralisk x7  
  130  7:50  Ravager x2  
  147  7:53  Hydralisk x2  
  147  7:54  Zergling x2  
  147  7:56  Overlord  
  147  7:57  Overseer x2  
  151  8:04  Overlord x2  
  151  8:06  Overlord  
  151  8:11  Drone  
  151  8:12  Infestation Pit  
  150  8:16  Hydralisk  
  150  8:17  Hydralisk x2  
  150  8:19  Drone x3  
  159  8:22  Drone x2  
  159  8:24  Drone x5  
  166  8:27  Extractor  
  166  8:28  Extractor  
  166  8:29  Zerg Missile Weapons Level 2  
  164  8:40  Hydralisk x5  
  173  8:47  Overlord  
  172  8:50  Drone x3  
  172  8:52  Drone x3  
  178  8:56  Zergling x12  
  178  8:58  Muscular Augments  
  184  9:03  Hive  
  184  9:07  Lurker  
  184  9:08  Lurker x2  
  184  9:09  Drone x3  
  190  9:20  Overlord x2  
  190  9:26  Spore Crawler  
  190  9:27  Hatchery  
  190  9:28  Spore Crawler  
  190  9:29  Overseer  
  190  9:30  Overlord  
  187  9:43  Hydralisk x4  
  195  9:53  Lurker x4  
  195  9:54  Lurker  
  199  10:15  Spore Crawler, Viper  
  199  10:16  Spore Crawler  
  199  10:20  Spore Crawler  
  197  10:22  Adaptive Talons  
  197  10:24  Drone  
  197  10:25  Spire  
  197  10:28  Drone x2  
  197  10:47  Viper x4  
  197  10:48  Extractor x2  
  197  10:49  Zergling x14  
  197  10:50  Zergling x18  
  197  10:55  Pneumatized Carapace  
  199  11:01  Spore Crawler x2  
  197  11:07  Lurker x2  
  199  11:22  Hydralisk  
  188  11:33  Hydralisk x9  
  188  11:36  Lurker x3  
  197  11:44  Hydralisk  
  199  11:49  Greater Spire  
  199  11:53  Hydralisk  
  199  12:00  Hydralisk x4  
  199  12:01  Zergling x4  
  196  12:10  Hydralisk x2  
  197  12:17  Hydralisk, Zergling x2  
  197  12:22  Hydralisk x3  
  195  12:24  Hydralisk  
  195  12:25  Zergling x14  
  184  12:31  Hydralisk x8  
  184  12:35  Hydralisk x2  
  176  12:37  Zergling x22  
  176  12:38  Queen x2  
  176  12:41  Hydralisk x2, Zergling x2  
  176  12:44  Hydralisk x2  
  162  12:45  Zergling x2  
  162  12:47  Zergling x4, Queen  
  162  12:50  Roach  
  163  12:52  Roach  
  163  12:58  Roach x2  
  156  13:00  Hydralisk  
  156  13:01  Roach  
  113  13:08  Hydralisk x2  
  104  13:13  Hydralisk x2  
  104  13:14  Queen x2  
  103  13:20  Hydralisk, Zergling x2  
  103  13:24  Hydralisk x2, Drone x3  
  107  13:28  Hydralisk  
  99  13:34  Hydralisk  
  99  13:35  Zergling x4  
  103  13:41  Hydralisk x2  
  103  13:44  Drone  
  103  13:45  Drone  
  101  13:53  Drone x4  
  100  13:56  Lurker  
  100  13:57  Extractor  
  100  13:59  Drone  
  100  14:01  Lurker  
  101  14:03  Hydralisk  
  101  14:04  Zergling x2  
  104  14:12  Lurker  
  105  14:17  Drone x3  
  105  14:18  Drone  
  105  14:23  Lurker  
  110  14:33  Lurker  
  110  14:34  Drone x2  
  110  14:36  Lurker  
  114  14:39  Drone x2  
  114  14:43  Lurker  
  117  14:51  Lurker  
  118  14:54  Zergling x12  
  118  14:59  Lurker  
  125  15:03  Lurker  
  126  15:08  Drone  
  126  15:11  Lurker  
  126  15:14  Drone  
  125  15:17  Overseer, Lurker  
  125  15:21  Hydralisk  
  126  15:27  Hydralisk x2  
  129  15:30  Hydralisk  
  130  15:38  Hydralisk x3  
  130  15:39  Overlord  
  136  15:52  Lurker x2  
  138  15:59  Hydralisk x2  
  142  16:05  Lurker  
  142  16:07  Hatchery  
  142  16:08  Hydralisk, Zergling x2  
  142  16:10  Zergling x2  
  146  16:16  Overlord  
  139  16:33  Hydralisk x3  
  139  16:34  Hydralisk  
  140  16:45  Hydralisk x2  
  128  16:56  Hydralisk  
  128  16:57  Zergling x2  
  126  17:05  Lurker  
  127  17:09  Lurker  
  128  17:15  Lurker  
  128  17:16  Lurker x2  
  128  17:19  Zergling x2  
  132  17:31  Overseer  
  132  17:32  Drone x2  
  132  17:34  Hydralisk x2  
  138  17:38  Hydralisk x2  
  138  17:42  Hydralisk  
  138  17:43  Zergling x2  
  145  17:48  Hydralisk  
  145  17:51  Hydralisk  
  146  17:52  Hydralisk  
  146  17:53  Zergling x2  
  146  17:56  Overlord  
  148  18:17  Hydralisk x6  
  159  18:20  Overlord  
  154  18:31  Hydralisk  
  154  18:32  Hydralisk, Zergling x4  
  153  18:36  Zergling x2  
  154  18:42  Hydralisk, Zergling x2  
  154  18:46  Hydralisk  
  156  18:50  Hydralisk  
  156  18:51  Zergling x2  
  156  18:55  Hydralisk  
  152  19:10  Hydralisk x3  
  152  19:17  Hydralisk x2  
  151  19:21  Hydralisk  
  157  19:27  Hydralisk, Zergling x2  
  157  19:29  Zergling x2  
  148  19:39  Hydralisk  
  148  19:40  Hydralisk  
  148  19:41  Hydralisk  
  154  19:46  Hydralisk  
  154  19:47  Zergling x2  
  154  19:50  Zergling x2  
  155  19:55  Hydralisk  
  155  19:58  Hydralisk  
  159  20:02  Hydralisk  
  155  20:14  Hydralisk x2  
  152  20:33  Hydralisk x2  
  152  20:34  Hydralisk  
Show
View Real Time Build Order
Export as new Build Order

herO Protoss 

Build Orders: 1 Gate Expand, Chargelot Immortal 

Get SALT Encoding   

  12  0:00  Probe  
  13  0:13  Pylon  
  13  0:17  Probe (Chrono Boost)  
  15  0:29  Probe (Chrono Boost)  
  15  0:34  Probe (Chrono Boost)  
  16  0:40  Gateway  
  16  0:44  Probe  
  17  0:51  Assimilator  
  17  0:56  Probe  
  18  1:08  Probe  
  19  1:20  Probe  
  20  1:27  Cybernetics Core  
  20  1:37  Nexus  
  20  1:44  Pylon  
  20  1:45  Probe  
  21  1:53  Assimilator  
  21  1:58  Probe  
  22  2:01  Adept (Chrono Boost)  
  24  2:10  Probe  
  25  2:18  Robotics Facility  
  25  2:21  Adept (Chrono Boost)  
  25  2:24  Probe  
  28  2:31  Warp Gate  
  28  2:36  Probe  
  29  2:44  Stalker  
  29  2:49  Probe  
  29  2:50  Probe  
  33  3:01  Probe  
  33  3:02  Warp Prism (Chrono Boost), Probe  
  37  3:13  Probe  
  37  3:14  Probe  
  37  3:15  Sentry  
  41  3:20  Pylon  
  41  3:25  Probe  
  41  3:26  Probe  
  43  3:31  Gateway  
  43  3:32  Observer (Chrono Boost)  
  44  3:37  Probe  
  44  3:38  Probe  
  46  3:46  Forge  
  46  3:50  Immortal (Chrono Boost)  
  53  3:55  Probe  
  53  3:59  Pylon  
  53  4:01  Probe  
  52  4:03  Assimilator  
  52  4:07  Probe  
  53  4:16  Probe  
  54  4:19  Immortal (Chrono Boost), Probe  
  54  4:21  Protoss Ground Weapons Level 1  
  59  4:35  Pylon  
  59  4:43  Probe  
  59  4:44  Probe  
  61  4:47  Gateway  
  61  4:48  Gateway  
  61  4:51  Immortal (Chrono Boost)  
  61  4:54  Sentry  
  61  4:56  Sentry  
  69  5:00  Pylon  
  69  5:07  Gateway  
  69  5:09  Gateway  
  69  5:19  Adept x2  
  67  5:23  Immortal  
  70  5:37  Nexus  
  70  5:38  Probe  
  70  5:40  Probe  
  70  5:41  Pylon  
  72  5:48  Adept  
  70  5:53  Probe x2  
  72  5:59  Twilight Council  
  72  6:05  Probe x2  
  72  6:17  Probe x2 (Chrono Boost)  
  74  6:18  Assimilator  
  74  6:20  Warp Prism  
  74  6:21  Sentry x3  
  74  6:22  Pylon  
  84  6:26  Probe x2 (Chrono Boost)  
  84  6:31  Probe x2 (Chrono Boost)  
  86  6:42  Protoss Ground Weapons Level 2  
  86  6:43  Probe (Chrono Boost)  
  86  6:46  Probe (Chrono Boost)  
  88  6:49  Probe (Chrono Boost)  
  88  6:52  Charge  
  90  6:55  Stalker, Probe (Chrono Boost)  
  90  6:58  Probe (Chrono Boost)  
  90  6:59  Probe (Chrono Boost)  
  90  7:00  Probe (Chrono Boost)  
  90  7:01  Assimilator  
  94  7:03  Assimilator, Probe (Chrono Boost)  
  94  7:07  Immortal, Probe  
  101  7:10  Probe  
  101  7:15  Probe  
  97  7:17  Sentry  
  97  7:19  Probe  
  97  7:22  Probe  
  101  7:26  Pylon  
  101  7:27  Pylon, Probe  
  102  7:30  Robotics Facility  
  102  7:31  Probe  
  102  7:34  Probe  
  104  7:37  Zealot x2  
  104  7:38  Robotics Bay  
  108  7:47  Zealot x3  
  108  7:50  Immortal (Chrono Boost)  
  116  7:57  Shield Battery  
  114  8:01  Gateway  
  114  8:03  Gateway  
  114  8:09  Pylon, Probe x2  
  116  8:22  Disruptor (Chrono Boost)  
  116  8:27  Gravitic Drive, Disruptor (Chrono Boost)  
  121  8:34  Stalker x2  
  121  8:38  Phoenix  
  125  8:43  Probe  
  126  8:48  Disruptor (Chrono Boost)  
  126  8:51  Photon Cannon  
  126  8:52  Photon Cannon  
  126  8:53  Disruptor (Chrono Boost)  
  126  8:54  Photon Cannon, Pylon, Nexus  
  132  8:55  Pylon  
  132  8:59  Templar Archives  
  132  9:02  Pylon  
  132  9:12  Stalker, Protoss Ground Weapons Level 3 (Chrono Boost)  
  132  9:16  Disruptor (Chrono Boost)  
  135  9:20  Blink (Chrono Boost), Disruptor (Chrono Boost)  
  135  9:23  Probe x3  
  141  9:25  Photon Cannon  
  141  9:26  Shield Battery  
  141  9:28  Zealot x3  
  147  9:35  Stalker  
  141  9:50  Warp Prism (Chrono Boost)  
  143  9:59  Observer  
  144  10:02  Gateway  
  144  10:05  Gateway  
  144  10:06  Pylon  
  144  10:08  Pylon x2  
  144  10:11  Stalker x5  
  153  10:17  Disruptor (Chrono Boost)  
  153  10:19  Disruptor (Chrono Boost)  
  156  10:28  Photon Cannon  
  156  10:31  Photon Cannon  
  156  10:37  Zealot x2  
  156  10:38  Zealot x5  
  168  10:44  Zealot  
  166  11:05  High Templar x5  
  166  11:06  High Templar  
  166  11:07  Zealot x4  
  166  11:10  Archon x3  
  173  11:27  Zealot x4  
  173  11:28  Observer x2 (Chrono Boost)  
  173  11:30  Gravitic Boosters  
  175  11:41  Observer x2 (Chrono Boost)  
  172  11:47  Zealot  
  172  11:48  Zealot x9  
  183  12:13  Zealot x4  
  183  12:14  Zealot x5  
  196  12:17  Immortal  
  196  12:18  Immortal  
  162  12:40  Zealot x10  
  140  12:59  Observer  
  140  13:05  Stalker x8  
  130  13:06  Stalker x2  
  114  13:21  Observer (Chrono Boost)  
  114  13:27  Zealot x4  
  114  13:28  Zealot x4  
  96  13:41  Zealot x2  
  96  13:42  Zealot x8  
  116  13:52  Probe x3  
  116  13:54  Disruptor  
  122  13:59  Templar Archives  
  122  14:01  Assimilator  
  122  14:02  Assimilator  
  120  14:04  Probe x3  
  120  14:09  Psionic Storm  
  123  14:15  Immortal  
  123  14:16  Probe x2  
  129  14:30  Immortal  
  129  14:42  High Templar x7  
  129  14:45  High Templar  
  145  14:46  Zealot x2  
  145  14:49  Nexus  
  145  14:52  Pylon, Archon  
  149  15:16  Immortal x2  
  149  15:18  Nexus  
  157  15:35  Stargate  
  157  15:36  Stargate  
  157  15:40  Probe x3  
  157  15:41  Stalker x3  
  163  15:52  Probe  
  164  15:57  Assimilator  
  164  16:00  Observer  
  164  16:01  Assimilator  
  165  16:04  Forge  
  165  16:19  Oracle (Chrono Boost)  
  165  16:20  Oracle (Chrono Boost)  
  165  16:24  Fleet Beacon  
  164  16:25  Stargate  
  164  16:28  Pylon  
  121  17:02  Photon Cannon  
  121  17:04  Photon Cannon  
  127  17:14  Zealot x8  
  147  17:15  Carrier (Chrono Boost)  
  147  17:20  Carrier (Chrono Boost)  
  147  17:28  Carrier (Chrono Boost)  
  153  17:50  Probe x4  
  157  17:59  Nexus  
  157  18:03  High Templar x3  
  157  18:04  High Templar  
  165  18:08  Archon  
  165  18:09  Archon  
  161  18:15  Carrier (Chrono Boost)  
  137  18:35  Zealot x8  
  137  18:51  Carrier (Chrono Boost)  
  123  19:15  Void Ray (Chrono Boost)  
  104  19:55  Stalker x8  
Tags
 
Add a new tag
Caveats
  • Supply blocks, unpowered buildings, or Contaminate may cause inaccurate times.
  • Supply counts are checked every 10 seconds.